 Dungeon Crawl Stone Soup version 0.29.0-4-gdea44cf6ec (webtiles) character file.

Game seed: 17692061476709632171

2249 qw the Grappler (level 9, -12/84 HPs)
             Began as a Troll Cinder Acolyte on Sept 2, 2022.
             Was an Elder of Ignis.
             Shot with a bolt by an orc warrior (18 damage)
             ... on level 7 of the Dungeon.
             The game lasted 00:03:33 (5795 turns).

qw the Grappler (Troll Cinder Acolyte)              Turns: 5795, Time: 00:03:33

Health: -12/84     AC: 12    Str: 28    XL:     9   Next: 15%
Magic:  9/9        EV:  9    Int: 10    God:    Ignis [****..]
Gold:   77         SH:  0    Dex:  5    Spells: 10/10 levels left

rFire   + . .      SeeInvis .     - Unarmed
rCold   . . .      Faith    .   (no shield)
rNeg    . . .      Spirit   .   h - +1 robe {Will+}
rPois   +          Reflect  .   (helmet restricted)
rElec   .          Harm     .   (no cloak)
rCorr   .          Rampage  .   (gloves unavailable)
Will    +....                   (boots unavailable)
Stlth   +.........              (no amulet)
HPRegen 1.04/turn               f - ring of poison resistance
MPRegen 0.11/turn               (no ring)

@: about to teleport, fiery-armoured
A: large, unfitting armour, claws 3, regeneration 1, shaggy fur 1, tough skin 1
a: Renounce Religion, Fiery Armour, Foxfire Swarm, Rising Flame


You were on level 7 of the Dungeon.
You worshipped Ignis.
Ignis was greatly pleased with you.
You visited 1 branch of the dungeon, and saw 7 of its levels.

You collected 245 gold pieces.
You spent 168 gold pieces at shops.


Innate Abilities, Weirdness & Mutations

You are too large for most types of armour.
You have claws for hands.
Your natural rate of healing is unusually fast.
You are covered in fur. (AC +1)
You have tough skin. (AC +1)


   Skills:
 - Level 4.0 Fighting
 - Level 1.2 Dodging
 + Level 11.7 Unarmed Combat
 - Level 1.0 Spellcasting
 - Level 2.1 Fire Magic


You had 10 spell levels left.
You didn't know any spells.
Your spell library contained the following spells:

 Spells                   Type           Power      Damage    Failure   Level
 Scorch                   Fire           8%         2d5       22%         2

Inventory:

Armour
 h - a +1 robe of willpower (worn)
Jewellery
 f - a ring of poison resistance (left claw)
 k - a ring of ice
Scrolls
 e - 2 scrolls of identify
 j - 3 scrolls of teleportation
Potions
 b - a potion of heal wounds
 c - 2 potions of resistance
 d - a potion of curing
 g - a potion of might
 i - 2 potions of haste
 l - a potion of mutation

Dungeon Overview and Level Annotations

Branches:
Dungeon (7/15)             Temple (0/1) D:5

Altars:
Xom

Shops:
D:3 [   D:6 *[:

Annotations:
D:7 1 runed translucent door, Crazy Yiuf, Duvessa


Message History

You start resting.
HP restored.
You hear a shout!
You start waiting.
You hear a shout! x6
Duvessa is nearby!
You scratch Duvessa.
Duvessa is moderately wounded.
Duvessa completely misses you.
You mangle Duvessa!!
Duvessa is almost dead.
Duvessa hits you with a +2 vampiric rapier!
Duvessa draws strength from your wounds!
You barely miss Duvessa.
Duvessa is severely wounded.
Duvessa hits you with a +2 vampiric rapier!
Duvessa draws strength from your wounds!
You mangle Duvessa!!
Duvessa is severely wounded.
Duvessa hits you with a +2 vampiric rapier!
5793 ||| INVOKING Fiery Armour.
A protective cloak of flame settles atop you.
Duvessa hits you with a +2 vampiric rapier!
Duvessa draws strength from your wounds!
Duvessa barely misses you.
You barely miss Duvessa.
Duvessa is heavily wounded.
Duvessa hits you but does no damage.
Duvessa is burned by your cloak of flames.
Duvessa is heavily wounded.
The orc warrior unwields a +0 mace.
The orc warrior wields a +0 arbalest.
The orc warrior shoots a bolt.
The bolt hits you!!
5795 ||| READING 4 scrolls of teleportation.
As you read the scroll of teleportation, it crumbles to dust.
You feel strangely unstable. Duvessa hits you but does no damage.
Duvessa is burned by your cloak of flames.
Duvessa is heavily wounded.
The orc warrior shoots a bolt.
The bolt hits you!!
You die...

#.##### #.# #.# #### #.#
## #~~~~# ### #.#
.###~~o~~~###.# #.#
........~~....# ##.##
.........~~...#
##...##.....~~....~..#
##....@#....~..~~..e..#
#......e....~....~~o..#
....##.##o.....~~}...o...
#### #.##.......}~~......
#.###...~~....~....# #'#
..~..~~..~....# ...
..~....~~.....# ..
...~~.........#
....~~........#


You could see Duvessa (berserk) and an orc warrior.

Vanquished Creatures
  2 black bears
  2 orc warriors (D:7)
  An ice beast (D:7)
  An ogre (D:5)
  A centaur (D:5)
  A phantom (D:4)
  Blork the orc (D:6)
  A kobold brigand (D:7)
  A necrophage (D:3)
  A scorpion (D:7)
  3 wights (D:6)
  Dowan (D:7)
  4 killer bees (D:7)
  A howler monkey (D:6)
  A vampire bat (D:4)
  An electric eel (D:7)
  5 hounds
  2 jellies (D:6)
  An orc priest (D:6)
  2 iguanas
  7 orc wizards
  12 adders
  3 gnolls (D:4)
  2 shadow imps
  2 ufetubi
  A worm (D:3)
  3 dart slugs
  36 orcs
  7 ball pythons
  7 endoplasms
  3 giant cockroaches
  5 goblins
  6 hobgoblins
  2 quokkas
  12 bats
  7 frilled lizards
  19 kobolds
  3 rats
170 creatures vanquished.

Vanquished Creatures (others)
  7 demonic plants (D:6)
7 creatures vanquished.

Grand Total: 177 creatures vanquished

Notes
Turn   | Place    | Note
-------+----------+-------------------------------------------
     0 | D:1      | qw the Troll Cinder Acolyte began the quest for the Orb.
     0 | D:1      | Reached XP level 1. HP: 22/22 MP: 1/1
     0 | D:1      | 0 ||| qw: Version: 0.1-a-97-g2dd2ca4
     0 | D:1      | 0 ||| qw: Game counter: 4918
     0 | D:1      | 0 ||| qw: Always use a shield: true
     0 | D:1      | 0 ||| qw: God list: Okawaru
     0 | D:1      | 0 ||| qw: Allow faded altars: false
     0 | D:1      | 0 ||| qw: Do Orc after D:15 true
     0 | D:1      | 0 ||| qw: Do second Lair branch before Depths: true
     0 | D:1      | 0 ||| qw: Lair rune preference: random
     0 | D:1      | 0 ||| qw: Plans: Normal
     0 | D:1      | 0 ||| PLANNING D:1-11
   269 | D:1      | Reached XP level 2. HP: 27/29 MP: 2/2
   669 | D:1      | 669 ||| READING scroll labelled LUXUYT LAKESEC.
   670 | D:1      | 670 ||| READING scroll labelled YHAMOI GEPP.
   834 | D:2      | Reached skill level 4 in Unarmed Combat
  1206 | D:2      | 1206 ||| Stepping ~*~*~tactically~*~*~ (stealth).
  1241 | D:2      | Reached XP level 3. HP: 31/36 MP: 3/3
  1566 | D:2      | 1566 ||| READING scroll labelled MAUTUEVUOKK.
  1567 | D:2      | 1567 ||| READING 3 scrolls of identify.
  1567 | D:2      | 1567 ||| IDENTIFYING fuming yellow potion
  1568 | D:2      | 1568 ||| READING 2 scrolls of identify.
  1568 | D:2      | 1568 ||| IDENTIFYING fuming inky potion
  1569 | D:2      | 1569 ||| Stepping randomly (stuck).
  1570 | D:2      | 1570 ||| Stepping ~*~*~tactically~*~*~ (cloud).
  1619 | D:3      | Found a faded altar of an unknown god.
  1716 | D:3      | 1716 ||| Stepping ~*~*~tactically~*~*~ (stealth).
  1722 | D:3      | 1722 ||| Stepping ~*~*~tactically~*~*~ (outnumbered).
  1725 | D:3      | 1725 ||| FLEEEEING.
  1726 | D:3      | 1726 ||| FLEEEEING.
  1727 | D:3      | 1727 ||| FLEEEEING.
  1728 | D:3      | 1728 ||| FLEEEEING.
  1910 | D:3      | Found Deokheilusu's Armour Emporium.
  1937 | D:3      | 1937 ||| SHOPLISTING +1 fire dragon scales (938 gold, have
                  | 95).
  1981 | D:3      | 1981 ||| Stepping ~*~*~tactically~*~*~ (hiding).
  1982 | D:3      | 1982 ||| Stepping ~*~*~tactically~*~*~ (hiding).
  1983 | D:3      | 1983 ||| Stepping ~*~*~tactically~*~*~ (hiding).
  2144 | D:3      | Reached XP level 4. HP: 44/44 MP: 4/4
  2257 | D:3      | Noticed a necrophage
  2267 | D:3      | Killed a necrophage
  2268 | D:3      | Reached skill level 5 in Unarmed Combat
  2278 | D:3      | Reached XP level 5. HP: 49/50 MP: 5/5
  2445 | D:3      | 2445 ||| READING 2 scrolls labelled ROPHOI NAPTASS.
  2446 | D:3      | 2446 ||| READING 2 scrolls labelled POGOF ZID FAYG.
  2451 | D:3      | 2451 ||| READING scroll labelled FIRIMO LYTUNGO.
  2452 | D:3      | 2452 ||| DROPPING scroll of blinking.
  2482 | D:4      | 2482 ||| Stepping ~*~*~tactically~*~*~ (stealth).
  2484 | D:4      | 2484 ||| Stepping ~*~*~tactically~*~*~ (stealth).
  2486 | D:4      | 2486 ||| Stepping ~*~*~tactically~*~*~ (stealth).
  2490 | D:4      | 2490 ||| Stepping ~*~*~tactically~*~*~ (stealth).
  2497 | D:4      | 2497 ||| Stepping ~*~*~tactically~*~*~ (outnumbered).
  2498 | D:4      | 2498 ||| STAIRDANCE
  2507 | D:4      | 2507 ||| STAIRDANCE
  2513 | D:4      | 2513 ||| Stepping randomly (disturbance).
  2525 | D:4      | 2525 ||| FLEEEEING.
  2526 | D:4      | 2526 ||| STAIRDANCE
  2535 | D:3      | Reached skill level 6 in Unarmed Combat
  2602 | D:4      | 2602 ||| Stepping ~*~*~tactically~*~*~ (outnumbered).
  2622 | D:4      | Noticed a phantom
  2629 | D:4      | Killed a phantom
  2630 | D:4      | Reached skill level 7 in Unarmed Combat
  2630 | D:4      | Reached XP level 6. HP: 54/59 MP: 6/6
  2742 | D:4      | 2742 ||| Stepping ~*~*~tactically~*~*~ (stealth).
  2811 | D:4      | 2811 ||| Stepping ~*~*~tactically~*~*~ (hiding).
  2934 | D:4      | 2934 ||| INVOKING Fiery Armour.
  2952 | D:4      | 2952 ||| Stepping ~*~*~tactically~*~*~ (stealth).
  2955 | D:4      | Reached skill level 8 in Unarmed Combat
  3021 | D:4      | 3021 ||| Stepping ~*~*~tactically~*~*~ (stealth).
  3023 | D:4      | 3023 ||| Stepping ~*~*~tactically~*~*~ (stealth).
  3024 | D:4      | 3024 ||| Stepping ~*~*~tactically~*~*~ (stealth).
  3025 | D:4      | 3025 ||| Stepping ~*~*~tactically~*~*~ (stealth).
  3027 | D:4      | Reached XP level 7. HP: 66/66 MP: 7/7
  3151 | D:4      | 3151 ||| UPGRADING to ring of poison resistance.
  3152 | D:4      | 3152 ||| READING scroll labelled ZEOLLE INAL.
  3153 | D:4      | 3153 ||| DRINKING 2 lumpy sapphire potions.
  3154 | D:4      | 3154 ||| READING 4 scrolls of identify.
  3154 | D:4      | 3154 ||| IDENTIFYING fuming red potion
  3155 | D:4      | 3155 ||| READING 3 scrolls of identify.
  3155 | D:4      | 3155 ||| IDENTIFYING fizzy clear potion
  3156 | D:4      | 3156 ||| READING 2 scrolls of identify.
  3156 | D:4      | 3156 ||| IDENTIFYING orange potion
  3157 | D:4      | 3157 ||| DROPPING potion of degeneration.
  3158 | D:4      | 3158 ||| DROPPING potion of magic.
  3175 | D:5      | Entered Level 5 of the Dungeon
  3204 | D:5      | 3204 ||| Stepping ~*~*~tactically~*~*~ (hiding).
  3232 | D:5      | 3232 ||| Stepping ~*~*~tactically~*~*~ (stealth).
  3326 | D:5      | Reached skill level 3 in Fighting
  3348 | D:5      | Found a staircase to the Ecumenical Temple.
  3505 | D:5      | 3505 ||| Stepping ~*~*~tactically~*~*~ (outnumbered).
  3506 | D:5      | 3506 ||| Stepping ~*~*~tactically~*~*~ (outnumbered).
  3507 | D:5      | 3507 ||| Stepping ~*~*~tactically~*~*~ (outnumbered).
  3510 | D:5      | 3510 ||| Stepping ~*~*~tactically~*~*~ (outnumbered).
  3562 | D:5      | Found a shimmering altar of Xom.
  3854 | D:5      | Reached skill level 9 in Unarmed Combat
  4023 | D:5      | 4023 ||| READING scroll labelled UTAXTIMYCA.
  4124 | D:5      | 4124 ||| READING 2 scrolls of identify.
  4124 | D:5      | 4124 ||| IDENTIFYING viscous inky potion
  4171 | D:6      | Found Afah's Antique Armour Shop.
  4174 | D:6      | 4174 ||| BUYING embroidered robe (103 gold).
  4174 | D:6      | Bought an embroidered robe for 103 gold pieces
  4217 | D:6      | Found Qomalid's Book Shop.
  4251 | D:6      | 4251 ||| Stepping ~*~*~tactically~*~*~ (hiding).
  4256 | D:6      | 4256 ||| Stepping ~*~*~tactically~*~*~ (hiding).
  4267 | D:6      | 4267 ||| Stepping ~*~*~tactically~*~*~ (stealth).
  4303 | D:6      | Reached XP level 8. HP: 75/75 MP: 8/8
  4339 | D:6      | 4339 ||| Stepping ~*~*~tactically~*~*~ (stealth).
  4351 | D:6      | 4351 ||| Stepping ~*~*~tactically~*~*~ (stealth).
  4352 | D:6      | 4352 ||| Stepping ~*~*~tactically~*~*~ (stealth).
  4389 | D:6      | 4389 ||| Stepping ~*~*~tactically~*~*~ (stealth).
  4392 | D:6      | 4392 ||| FLEEEEING.
  4414 | D:6      | Reached skill level 10 in Unarmed Combat
  4480 | D:6      | 4480 ||| Stepping ~*~*~tactically~*~*~ (hiding).
  4691 | D:6      | 4691 ||| Stepping ~*~*~tactically~*~*~ (hiding).
  4698 | D:6      | 4698 ||| DRINKING 2 potions of curing.
  4698 | D:6      | 4698 ||| (to cure confusion)
  4709 | D:6      | 4709 ||| Stepping ~*~*~tactically~*~*~ (hiding).
  4762 | D:6      | 4762 ||| Stepping ~*~*~tactically~*~*~ (hiding).
  4794 | D:6      | 4794 ||| Stepping ~*~*~tactically~*~*~ (stealth).
  4797 | D:6      | 4797 ||| INVOKING Fiery Armour.
  4802 | D:6      | 4802 ||| Stepping ~*~*~tactically~*~*~ (outnumbered).
  4803 | D:6      | 4803 ||| Stepping ~*~*~tactically~*~*~ (outnumbered).
  4804 | D:6      | 4804 ||| Stepping ~*~*~tactically~*~*~ (outnumbered).
  4807 | D:6      | 4807 ||| Stepping ~*~*~tactically~*~*~ (outnumbered).
  4833 | D:6      | Found Cucin's General Store.
  4844 | D:6      | 4844 ||| SHOPLISTING +2 hat (208 gold, have 116).
  4844 | D:6      | 4844 ||| BUYING scroll of identify (26 gold).
  4844 | D:6      | Bought a scroll of identify for 26 gold pieces
  4844 | D:6      | 4844 ||| BUYING scroll of teleportation (39 gold).
  4844 | D:6      | Bought a scroll of teleportation for 39 gold pieces
  4926 | D:6      | 4926 ||| Stepping ~*~*~tactically~*~*~ (stealth).
  5020 | D:6      | Noticed Blork the orc
  5024 | D:6      | Killed Blork the orc
  5025 | D:6      | Reached skill level 1 in Dodging
  5099 | D:6      | 5099 ||| UPGRADING to +1 robe of willpower.
  5109 | D:6      | 5109 ||| DROPPING +0 robe.
  5110 | D:6      | 5110 ||| DROPPING amulet of magic regeneration.
  5111 | D:6      | 5111 ||| READING 3 scrolls of identify.
  5111 | D:6      | 5111 ||| IDENTIFYING pink potion
  5112 | D:6      | 5112 ||| READING 2 scrolls of identify.
  5112 | D:6      | 5112 ||| IDENTIFYING clear potion
  5113 | D:6      | 5113 ||| DROPPING potion of brilliance.
  5211 | D:7      | 5211 ||| Stepping ~*~*~tactically~*~*~ (outnumbered).
  5212 | D:7      | 5212 ||| Stepping ~*~*~tactically~*~*~ (outnumbered).
  5213 | D:7      | 5213 ||| Stepping ~*~*~tactically~*~*~ (outnumbered).
  5219 | D:7      | 5219 ||| Stepping ~*~*~tactically~*~*~ (outnumbered).
  5220 | D:7      | 5220 ||| Stepping ~*~*~tactically~*~*~ (outnumbered).
  5221 | D:7      | 5221 ||| Stepping ~*~*~tactically~*~*~ (outnumbered).
  5222 | D:7      | 5222 ||| Stepping ~*~*~tactically~*~*~ (outnumbered).
  5224 | D:7      | 5224 ||| Stepping ~*~*~tactically~*~*~ (outnumbered).
  5225 | D:7      | 5225 ||| Stepping ~*~*~tactically~*~*~ (outnumbered).
  5226 | D:7      | 5226 ||| Stepping ~*~*~tactically~*~*~ (outnumbered).
  5227 | D:7      | 5227 ||| Stepping ~*~*~tactically~*~*~ (outnumbered).
  5275 | D:7      | 5275 ||| Stepping ~*~*~tactically~*~*~ (stealth).
  5285 | D:7      | 5285 ||| Stepping ~*~*~tactically~*~*~ (stealth).
  5375 | D:7      | Found a runed translucent door.
  5376 | D:7      | Noticed Crazy Yiuf
  5420 | D:7      | Reached skill level 11 in Unarmed Combat
  5505 | D:7      | 5505 ||| FLEEEEING.
  5506 | D:7      | Noticed Dowan
  5507 | D:7      | 5507 ||| INVOKING Fiery Armour.
  5508 | D:7      | Noticed Duvessa
  5514 | D:7      | Killed Dowan
  5516 | D:7      | HP: 17/78 [orc/puff of flame (4)]
  5517 | D:7      | 5517 ||| READING 5 scrolls of teleportation.
  5518 | D:7      | 5518 ||| DRINKING 3 potions of heal wounds.
  5519 | D:7      | Reached XP level 9. HP: 10/84 MP: 9/9
  5519 | D:7      | 5519 ||| DRINKING 2 potions of heal wounds.
  5779 | D:7      | 5779 ||| Stepping ~*~*~tactically~*~*~ (hiding).
  5793 | D:7      | 5793 ||| INVOKING Fiery Armour.
  5794 | D:7      | HP: 5/84 [orc warrior/bolt (22)]
  5795 | D:7      | 5795 ||| READING 4 scrolls of teleportation.
  5795 | D:7      | Shot with a bolt by an orc warrior

Levels and vault maps discovered:
D:1:      nicolae_arrival_somewhat_less_tricky_arrival, layout_rooms,
          chequers_serial_rivers_large_a
D:2:      layout_basic
D:3:      layout_basic, hellmonk_ecumenical_altar_blasted, serial_shops, shop
D:4:      minmay_spotlight, layout_basic, corexii_checkpoint_a, roderic_batcave,
          grunt_decor_one_mirror
D:5:      layout_basic, mainiacjoe_overflow_paths, minmay_temple_entry_junction
D:6:      layout_basic, serial_shops,
          nicolae_shop_temple_entry_statues_fountains, shop, shop,
          dreamdust_princess_corridor, palyth_stone_intersect,
          uniq_blork_the_orc
D:7:      cheibrodos_helix_gallery, layout_loops_corners, uniq_duvessa,
          uniq_menkaure, uniq_crazy_yiuf_cottage

Skill      XL: |  1  2  3  4  5  6  7  8 |
---------------+-------------------------+-----
Unarmed Combat | 4 5 7 8 9 11 | 11.7
Fighting       | 3 4 |  4.0
Dodging        | 1 |  1.2
Spellcasting   | |  1.0
Fire Magic     | |  2.1

Action                   |  1- 3 |  4- 6 |  7- 9 || total
-------------------------+-------+-------+-------++-------
Melee: Unarmed           |   124 |   155 |   212 ||   491
       Punch             |     1 |     3 |    11 ||    15
Invok: Fiery Armour      |       |     1 |     3 ||     4
  Use: Scroll            |     5 |     3 |    10 ||    18
       Potion            |       |       |     4 ||     4
 Stab: Distracted        |       |     1 |       ||     1
Armor: Robe              |    29 |    67 |    50 ||   146
Dodge: Dodged            |    34 |    84 |    61 ||   179

Table legend:
 A = Non-vault XP
 B = Vault XP
 C = Vault XP percentage of total XP
 D = Non-vault monster count
 E = Vault monster count
 F = Vault count percentage of total count
                 A         B        C        D         E       F
            +---------+---------+-------+---------+---------+-------
      Total |    2710 |     503 |  15.7 |     153 |      17 |  10.0
            +---------+---------+-------+---------+---------+-------
        D:1 |      25 |       0 |   0.0 |      16 |       0 |   0.0
        D:2 |      21 |       0 |   0.0 |      12 |       0 |   0.0
        D:3 |     200 |       0 |   0.0 |      27 |       0 |   0.0
        D:4 |     267 |     250 |  48.4 |      24 |      14 |  36.8
        D:5 |     493 |       0 |   0.0 |      18 |       0 |   0.0
        D:6 |     834 |      99 |  10.6 |      33 |       1 |   2.9
        D:7 |     870 |     154 |  15.0 |      23 |       2 |   8.0
            +---------+---------+-------+---------+---------+-------
